 Dungeon Crawl Stone Soup version 0.25.1-2-g60ff931df9 (webtiles) character file.

Game seed: 10847290128474515672

24 Acheron the Slasher (level 2, -3/18 HPs)
             Began as a Deep Elf Chaos Knight on Aug 14, 2020.
             Was a Plaything of Xom.
             Slain by an adder (4 damage)
             ... on level 2 of the Dungeon.
             The game lasted 00:02:30 (622 turns).

Acheron the Slasher (Deep Elf Chaos Knight)          Turns: 622, Time: 00:02:31

Health: -3/18      AC:  5    Str:  9    XL:     2   Next: 79%
Magic:  5/5        EV: 12    Int: 16    God:    Xom [.*....]
Gold:   66         SH:  0    Dex: 14    Spells: 2/2 levels left

rFire    . . .     SeeInvis .   a - +0 falchion (chaos)
rCold    . . .     Gourm    .   (no shield)
rNeg     . . .     Faith    .   b - +2 leather armour
rPois    .         Spirit   .   (no helmet)
rElec    .         Reflect  .   (no cloak)
rCorr    .         Harm     .   (no gloves)
MR       .....                  (no boots)
Stlth    +.........             (no amulet)
HPRegen  0.06/turn              (no ring)
MPRegen  0.09/turn              (no ring)

@: lethally poisoned (-3 -> -10)
A: no striking features
a: Renounce Religion


You were on level 2 of the Dungeon.
You worshipped Xom.
You were a plaything of Xom.
You were not hungry.

You visited 1 branch of the dungeon, and saw 2 of its levels.

You collected 66 gold pieces.

Inventory:

Hand Weapons
 a - a +0 falchion of chaos (weapon)
 d - a +1 dagger of electrocution
Missiles
 e - 26 stones (quivered)
Armour
 b - a +2 leather armour (worn)
Jewellery
 i - an uncursed ring of flight {unknown}
Potions
 f - a potion of heal wounds {unknown}
Comestibles
 c - 6 rations
 g - 3 chunks of flesh


   Skills:
 + Level 2.6 Fighting
 + Level 2.9 Long Blades
 * Level 0.5 Throwing
 * Level 1.0 Armour
 * Level 2.6 Dodging
 * Level 1.0 Stealth
 * Level 0.8 Spellcasting


You had 2 spell levels left.
You didn't know any spells.
Your spell library was empty.

Dungeon Overview and Level Annotations

Branches:
Dungeon (2/15)

Altars:


Message History

You hit the hobgoblin but do no damage.
The hobgoblin looks even sicker.
The hobgoblin is severely wounded.
You hit the jackal. You burn the jackal.
You kill the jackal!
You kill the hobgoblin!
The bat hits you but does no damage. x2; The hobgoblin hits you.
The adder bites you but does no damage.
You closely miss the adder. The bat barely misses you. The bat misses you.
You riposte.
You closely miss the bat. The hobgoblin closely misses you.
The adder bites you.
* * * LOW HITPOINT WARNING * * *
You are lethally poisoned!
The adder poisons you!
You barely miss the adder.
* * * LOW HITPOINT WARNING * * *
You feel sick. The bat barely misses you.
You riposte.
You miss the bat. The adder bites you but does no damage.
The hobgoblin hits you.
* * * LOW HITPOINT WARNING * * *
The adder bites you.
You die...
Xom roars with laughter!

...l #.....##
##.......#
.........# .
#h. ..... ...
#.##...#
#..####.#....#
#..hb@Sl.....#
#....g###.....#
#....g
##.....##
#.....
#.......#
#.....
#g......#
#....?
#..)..%.#
######
#.S.....#
.......?#
##.......#


You could see an adder, a leopard gecko, a jackal, a hobgoblin, a goblin and a
bat.

Vanquished Creatures
  An ooze (D:1)
  A leopard gecko (D:2)
  3 bats (D:1)
  A giant cockroach (D:1)
  3 goblins (D:1)
  A hobgoblin (D:2)
  3 jackals (D:2)
  2 kobolds (D:1)
  A frilled lizard (D:1)
16 creatures vanquished.

Notes
Turn   | Place    | Note
-------+----------+-------------------------------------------
     0 | D:1      | Acheron the Deep Elf Chaos Knight began the quest for the
                  | Orb.
     0 | D:1      | Reached XP level 1. HP: 13/13 MP: 3/3
    37 | D:1      | XOM: butterfly on damage
   349 | D:1      | Reached XP level 2. HP: 18/18 MP: 4/4
   398 | D:1      | XOM: silly message
   463 | D:1      | XOM: noise
   492 | D:1      | Reached skill level 1 in Armour
   605 | D:2      | XOM: 4-stop teleportation journey
   614 | D:2      | Reached skill level 1 in Stealth
   622 | D:2      | Slain by an adder

Illustrated notes

Levels and vault maps discovered:
D:1:      dpeg_arrival_long_road, layout_basic, serial_glass, glass_columns_b,
          glass_columns_c, feat_on_display, serial_park_tiny_2,
          minmay_tromino_v7
D:2:      layout_loops_cross, led_sif_pool, lemuel_doored_altar, first_ration

Skill      XL: |  1  2 |
---------------+-------+-----
Armour         | 1 |  1.0
Stealth        | 1 |  1.0
Fighting       | |  2.6
Long Blades    | |  2.9
Throwing       | |  0.5
Dodging        | |  2.6
Spellcasting   | |  0.8

Action                   || total
-------------------------++-------
Melee: Falchion          ||    37
  Use: Scroll            ||     1
Armor: Leather armour    ||    21
Dodge: Dodged            ||    50
       Rpst.: Falchion   ||    16
